 Dungeon Crawl Stone Soup version 0.28.0 (webtiles) character file.

Game seed: 11716248386611665665

28 AmazingTV the Sneak (level 3, 0/18 HPs)
             Began as a Spriggan Brigand on June 28, 2022.
             Slain by an adder (1 damage)
             ... on level 3 of the Dungeon.
             The game lasted 00:03:27 (1512 turns).

AmazingTV the Sneak (Spriggan Brigand)              Turns: 1512, Time: 00:03:28

Health: 0/18       AC:  3    Str:  7    XL:     3   Next: 0%
Magic:  13/13      EV: 16    Int: 12    God:
Gold:   57         SH:  0    Dex: 18    Spells: 2/2 levels left

rFire   . . .      SeeInvis +   a - +2 dagger
rCold   . . .      Faith    .   (no shield)
rNeg    . . .      Spirit   .   b - +0 robe
rPois   .          Reflect  .   (helmet restricted)
rElec   .          Harm     .   c - +0 cloak
rCorr   .          Rampage  .   (gloves unavailable)
Will    .....                   (boots unavailable)
Stlth   +++.......              (no amulet)
HPRegen 0.06/turn               f - ring of magical power
MPRegen 0.13/turn               (no ring)

@: lethally poisoned (0 -> -2), very quick
A: very small, no large weapons, unfitting armour, see invisible, speed 3
a: no special abilities


You were on level 3 of the Dungeon.
You visited 1 branch of the dungeon, and saw 3 of its levels.

You collected 57 gold pieces.

Inventory:

Hand Weapons
 a - a +2 dagger (weapon)
Missiles
 d - 8 poisoned darts (quivered)
 e - 2 curare-tipped darts
Armour
 b - a +0 robe (worn)
 c - a +0 cloak (worn)
Jewellery
 f - a ring of magical power (left hand)
Scrolls
 h - a scroll of vulnerability {unknown}
 j - a scroll of identify {unknown}
 k - a scroll of enchant armour {unknown}
 l - a scroll of holy word {unknown}
 n - a scroll of amnesia {unknown}
Potions
 g - a potion of curing {unknown}
 i - a potion of mutation {unknown}
 m - a potion of haste {unknown}


   Skills:
 - Level 1.5 Fighting
 + Level 2.6 Short Blades
 + Level 1.4(2.4) Slings
 + Level 2.4(2.6) Throwing
 - Level 1.3 Dodging
 + Level 6.3 Stealth


You had 2 spell levels left.
You didn't know any spells.
Your spell library was empty.

Dungeon Overview and Level Annotations

Branches:
Dungeon (3/15)

Altars:


Innate Abilities, Weirdness & Mutations

You are very small and have problems with some larger weapons.
You are too small for most types of armour.
You have supernaturally acute eyesight. (SInv)
You cover ground extremely quickly. (Speed+++)


Message History

You have reached level 3!
Your experience leads to an increase in your attributes!
Increase (S)trength, (I)ntelligence, or (D)exterity?
You feel agile. x2
Found a stone staircase leading up.
m - a cyan potion
Found an escape hatch in the ceiling.
n - a scroll labelled ZIKARYNNAS A goblin comes into view.
It is wielding a +0 club.
An adder comes into view.
The adder hisses angrily.
You barely miss the goblin.
The goblin shouts!
The goblin closely misses you.
You completely miss the goblin. The goblin hits you with a +0 club.
You barely miss the goblin. The goblin hits you with a +0 club.
You hit the adder.
The adder is moderately wounded.
The adder misses you.
You miss the adder.
The adder is moderately wounded.
The adder bites you.
You hit the adder.
The adder is heavily wounded.
The adder barely misses you. The adder bites you but does no damage.
You hit the adder.
The adder is heavily wounded.
The adder bites you.
You are poisoned.
The adder poisons you!
You hit the adder.
The adder is severely wounded.
You feel sick. The adder bites you.
* * * LOW HITPOINT WARNING * * *
You open the door.
* * * LOW HITPOINT WARNING * * *
You feel sick. The goblin hits you with a +0 club.
* * * LOW HITPOINT WARNING * * *
The adder bites you.
You die...

.....###.#...# #.# #.....##..
.....#...#...####.# #.....##..
....#^........##.###+###.....
#...#...<...#.##.##..........
#####.#.#....#.##.##..#..........
......#......#....##.............
.............###.................
...............'..........#......
.........#######@.†.......#######
.........# #####Sg........#
........####.................
....................#.........
....................#...>.....
##.........g.....#####........
###.............# #........
####.............#
.................#


You could see an adder and a goblin.

Vanquished Creatures
  An adder (D:2)
  A dart slug (D:1)
  A bat (D:2)
  2 endoplasms (D:1)
  3 goblins (D:2)
  3 hobgoblins
  A ball python (D:2)
  2 kobolds (D:2)
  2 rats
16 creatures vanquished.

Notes
Turn   | Place    | Note
-------+----------+-------------------------------------------
     0 | D:1      | AmazingTV the Spriggan Brigand began the quest for the Orb.
     0 | D:1      | Reached XP level 1. HP: 10/10 MP: 2/2
    75 | D:1      | Reached skill level 6 in Stealth
   355 | D:1      | You fall into a shaft and drop 1 floor!
   458 | D:2      | Reached XP level 2. HP: 14/14 MP: 3/3
   672 | D:2      | Reached skill level 1 in Slings
  1450 | D:3      | Reached XP level 3. HP: 18/18 MP: 4/4
  1512 | D:3      | Slain by an adder

Illustrated notes

Levels and vault maps discovered:
D:1:      amcnicky_arrival_flooded_fountain, layout_loops_ring,
          shapermc_ecumenical_altar_mp_urbaneastern, serial_glass,
          glass_columns_c, glass_columns_a, glass_columns_a, glass_columns_a,
          glass_columns_c, glass_columns_c, glass_columns_c, glass_columns_a,
          corner_web_ring, minmay_misc_feat_pillars
D:2:      layout_basic, minmay_goblin_outpost
D:3:      layout_basic, grunt_gozag_statues

Skill      XL: |  1  2 |
---------------+-------+-----
Stealth        | 6 |  6.3
Slings         | 1 |  1.4
Fighting       | |  1.5
Short Blades   | |  2.6
Throwing       | |  2.4
Dodging        | |  1.3

Action                   || total
-------------------------++-------
Melee: Dagger            ||    54
       Punch             ||     1
 Stab: Sleeping          ||     6
Armor: Robe              ||     5
Dodge: Dodged            ||    27
